[Event "Team 45 45 League T27"]
[Site "Internet Chess Club"]
[Date "2005.06.25"]
[Round "2"]
[White "bassdv8rb"]
[Black "room-matt"]
[Result "1/2-1/2"]
[WhiteElo "1770"]
[BlackElo "1827"]
[TimeControl "2700+45"]

1. e4 e5 2. Nf3 Nc6 3. d3 Nf6 4. c3 d5 5. Nbd2 Be7 6. Be2 O-O 7. O-O Re8 8. Re1
a5 9. a4 h6 10. b3 Bg4 11. Bb2 dxe4 12. Nxe4 Nxe4 13. dxe4 Bd6 14. Nd2 Be6 15.
Bc4 Qf6 16. Bxe6 Rxe6 17. Qf3 Bc5 18. Rad1 Rd8 19. Qxf6 Rxf6 20. Nf3 Rfd6 21.
Rxd6 Rxd6 22. Kf1 Rd3 23. Ke2 Rd6 24. Nd2 Bxf2 25. Kxf2 Rxd2+ 26. Re2 Rd3 27. h3
Nd8 28. Re3 Rd2+ 29. Re2 Rd6 30. b4 axb4 31. cxb4 f6 32. Ke3 Kf7 33. h4 Ne6 34.
g3 c5 35. bxc5 Nxc5 36. Rf2 Ke6 37. Rc2 Nxa4 38. Ba3 Rb6 39. Kf2 Rb3 40. Bf8 g6
41. Rc7 f5 42. exf5+ Kxf5 43. Bxh6 Nb2 44. Bg5 Kg4 45. Rf7 Nd1+ 46. Ke2 Nc3+ 47.
Kd3 Nb5+ 48. Kd2 Nd4 49. Rg7 Nf3+ 50. Kc2 Rb6 51. Be3 Rc6+ 52. Kd3 b5 53. Bf2 b4
54. Rb7 Rc3+ 55. Ke4 b3 56. Be3 Kxg3 57. h5 {Game drawn by mutual agreement}
1/2-1/2

[Event "Team 45 45 League T27"]
[Site "Internet Chess Club"]
[Date "2005.06.27"]
[Round "2"]
[White "chessateer"]
[Black "Mikey29a"]
[Result "1-0"]
[WhiteElo "1843"]
[BlackElo "1655"]
[TimeControl "2700+45"]

1. e4 c5 2. Nc3 g6 3. f4 e6 4. Nf3 Bg7 5. d3 Ne7 6. Be3 d6 7. Be2 O-O 8. O-O
Nbc6 9. Rb1 a6 10. Qe1 Nd4 11. Bd1 Nec6 12. Ne2 Nxf3+ 13. Rxf3 b5 14. c3 b4 15.
Ba4 Bd7 16. Bxc6 Bxc6 17. cxb4 cxb4 18. Qxb4 Rb8 19. Qa3 Qc7 20. Nd4 Bb7 21. Rc1
Qd7 22. Rf2 Rfc8 23. Rfc2 Bf8 24. Qa5 Rxc2 25. Rxc2 e5 26. Rc7 Qg4 27. fxe5 dxe5
28. Nf3 f5 29. Qxe5 fxe4 30. Bd4 Qxg2+ 31. Kxg2 exf3+ 32. Kf2 {Black resigns}
1-0

[Event "Team 45 45 League T27"]
[Site "Internet Chess Club"]
[Date "2005.06.27"]
[Round "2"]
[White "sigma33"]
[Black "scyther314159"]
[Result "0-1"]
[WhiteElo "1560"]
[BlackElo "1587"]
[TimeControl "2700+45"]

1. e4 e5 2. Nf3 Nc6 3. Bc4 Nf6 4. Ng5 d5 5. exd5 Na5 6. Bb5+ c6 7. dxc6 bxc6 8.
Be2 h6 9. Nf3 e4 10. Ne5 Bd6 11. f4 exf3 12. Nxf3 O-O 13. O-O Ng4 14. d4 c5 15.
c3 Qb6 16. h3 cxd4 17. hxg4 d3+ 18. Kh1 dxe2 19. Qxe2 Bxg4 20. Qe4 Qb5 21. Rd1
Qh5+ 22. Kg1 Bxf3 23. Qxf3 Bc5+ 24. Kf1 Qh1+ 25. Ke2 Rfe8+ 26. Kd2 Rad8+ 27. Kc2
Rxd1 28. Qxd1 Qxg2+ 29. Nd2 Nc4 30. Kb3 Qd5 31. Ka4 Bd6 32. Qf3 Nb6# {White
checkmated} 0-1

[Event "Team 45 45 League T27"]
[Site "Internet Chess Club"]
[Date "2005.06.23"]
[Round "2"]
[White "billarvola"]
[Black "DocHoliday"]
[Result "1-0"]
[WhiteElo "1991"]
[BlackElo "1909"]
[TimeControl "2700+45"]

1. d4 Nf6 2. c4 e6 3. Nf3 b6 4. a3 Bb7 5. Nc3 d5 6. cxd5 Nxd5 7. Qc2 c5 8. e4
Nf6 9. Bb5+ Bc6 10. dxc5 Bxc5 11. b4 Bd4 12. Nxd4 Qxd4 13. Be3 Qd7 14. Bd3 Qc7
15. f3 Nbd7 16. Nb5 Qe5 17. Bd4 Bxb5 18. Bxe5 Bxd3 19. Qxd3 Nxe5 20. Qb5+ Ned7
21. Rd1 a6 22. Qe2 O-O 23. O-O b5 24. Rd6 Ne5 25. Rfd1 Nc4 26. R6d3 Rfc8 27. f4
Nxe4 28. Qxe4 Nb2 29. Qxa8 {Black resigns} 1-0

[Event "Team 45 45 League T27"]
[Site "Internet Chess Club"]
[Date "2005.06.25"]
[Round "2"]
[White "orkid"]
[Black "nminwalla"]
[Result "0-1"]
[WhiteElo "1877"]
[BlackElo "1907"]
[TimeControl "2700+45"]

1. e4 c5 2. Nf3 d6 3. d4 cxd4 4. Nxd4 Nf6 5. Nc3 a6 6. Be2 e6 7. Be3 Qc7 8. Qd2
b5 9. f3 Nbd7 10. Bd3 b4 11. Nce2 d5 12. exd5 Nxd5 13. Bf2 Bb7 14. Bg3 Qb6 15.
Be4 N7f6 16. Bd3 Bc5 17. Bc4 O-O 18. O-O-O a5 19. Kb1 a4 20. Be5 Rac8 21. Bxd5
Nxd5 22. Nf4 Nc3+ 23. Ka1 Nxd1 24. Rxd1 Rfd8 25. Bxg7 Kxg7 26. Nh5+ Kh8 27. Qg5
Bxd4 {White resigns} 0-1

[Event "Team 45 45 League T27"]
[Site "Internet Chess Club"]
[Date "2005.06.24"]
[Round "2"]
[White "vvsi"]
[Black "Chessnut"]
[Result "1-0"]
[WhiteElo "1795"]
[BlackElo "1653"]
[TimeControl "2700+45"]

1. e4 e5 2. f4 Bc5 3. Nf3 d6 4. c3 Nf6 5. fxe5 dxe5 6. Nxe5 Nxe4 7. Qa4+ c6 8.
Qxe4 O-O 9. d4 Bd6 10. Bd3 g6 11. O-O Re8 12. Qf3 f5 13. Bh6 Bxe5 14. dxe5 Rxe5
15. Bf4 Rd5 16. Bc4 Qb6+ 17. Be3 Qxb2 18. Bxd5+ cxd5 19. Qxd5+ {Black resigns}
1-0

[Event "Team 45 45 League T27"]
[Site "Internet Chess Club"]
[Date "2005.06.29"]
[Round "2"]
[White "fledermaus"]
[Black "Wevey"]
[Result "1/2-1/2"]
[WhiteElo "2115"]
[BlackElo "1881"]
[TimeControl "2700+45"]

1. d4 Nf6 2. c4 g6 3. Nc3 d5 4. cxd5 Nxd5 5. Bd2 Bg7 6. e4 Nxc3 7. Bxc3 Nc6 8.
d5 Bxc3+ 9. bxc3 Nb8 10. Qd2 O-O 11. Nf3 e6 12. Be2 exd5 13. exd5 Nd7 14. O-O
Re8 15. c4 Nc5 16. Nd4 Qf6 17. Rad1 Bd7 18. Bf3 Ne4 19. Qb4 b6 20. Rfe1 Ng5 21.
Qd2 Nxf3+ 22. Nxf3 Bg4 23. Rxe8+ Rxe8 24. Re1 Rxe1+ 25. Nxe1 Qe7 26. Nd3 {Game
drawn by mutual agreement} 1/2-1/2

[Event "Team 45 45 League T27"]
[Site "Internet Chess Club"]
[Date "2005.06.27"]
[Round "2"]
[White "Kingofknights"]
[Black "viking99"]
[Result "0-1"]
[WhiteElo "1749"]
[BlackElo "1867"]
[TimeControl "2700+45"]

1. d4 Nf6 2. c4 g6 3. Nc3 d5 4. e3 Bg7 5. Nf3 O-O 6. cxd5 Nxd5 7. Bc4 Nb6 8. Bb3
Nc6 9. O-O Na5 10. Bc2 Be6 11. e4 Bg4 12. d5 Nac4 13. h3 Bxf3 14. Qxf3 Ne5 15.
Qe2 Rc8 16. f4 Nec4 17. Qf3 c6 18. b3 Na5 19. dxc6 Qd4+ 20. Be3 Qxc3 21. cxb7
Nxb7 22. Rac1 Bd4 23. Rfe1 Bxe3+ 24. Rxe3 Qd2 {White resigns} 0-1

[Event "Team 45 45 League T27"]
[Site "Internet Chess Club"]
[Date "2005.06.26"]
[Round "2"]
[White "bmw2002"]
[Black "DaveTheRook"]
[Result "0-1"]
[WhiteElo "1603"]
[BlackElo "1709"]
[TimeControl "2700+45"]

1. c4 Nf6 2. Nc3 g6 3. Nf3 d6 4. g3 Bg7 5. Bg2 c6 6. O-O O-O 7. Rb1 e5 8. d3
Nbd7 9. b4 Qc7 10. Ba3 Re8 11. Nd2 Rb8 12. Nde4 Nxe4 13. Nxe4 f5 14. Nd2 Nf6 15.
e4 f4 16. h3 fxg3 17. fxg3 Qb6+ 18. c5 dxc5 19. bxc5 Qa5 20. Nc4 Qd8 21. Nd6 Re7
22. Rb4 Be6 23. Rf2 Nh5 24. Kh2 b5 25. Bb2 a5 26. Rb3 b4 27. d4 Bxb3 28. Qxb3+
Kh8 29. Nf7+ Rxf7 30. Qxf7 exd4 31. g4 Be5+ 32. Kh1 Ng7 33. Rd2 Qh4 34. Qf3 Qe1+
35. Qf1 Qxd2 36. Bc1 Qc3 37. Bh6 Kg8 38. Qf2 Rf8 39. Qe2 Qa1+ 40. Bf1 Qxf1+ 41.
Qxf1 Rxf1+ 42. Kg2 Rf7 43. Bd2 Ne6 44. Be1 Nxc5 45. Bf2 Nxe4 {White resigns} 0-1

[Event "Team 45 45 League T27"]
[Site "Internet Chess Club"]
[Date "2005.06.26"]
[Round "2"]
[White "az2112"]
[Black "Zyme"]
[Result "1/2-1/2"]
[WhiteElo "1642"]
[BlackElo "1572"]
[TimeControl "2700+45"]

1. Nf3 Nf6 2. g3 e6 3. Bg2 d5 4. d4 c5 5. c3 Nc6 6. O-O Be7 7. b3 O-O 8. dxc5
Bxc5 9. Ba3 b6 10. Nd4 Nxd4 11. cxd4 Bxa3 12. Nxa3 Bd7 13. Rc1 Qe7 14. Nb1 Rfc8
15. Qd3 Qe8 16. Nc3 Rc7 17. Rc2 Rac8 18. Rfc1 Qe7 19. e4 Bc6 20. e5 Ne8 21. Qd2
Qb4 22. Bf1 Bb7 23. Qd3 f6 24. f4 Rc6 25. Ne2 Rxc2 26. Rxc2 Rxc2 27. Qxc2 Ba6
28. Qc3 Qxc3 29. Nxc3 Bxf1 30. Kxf1 fxe5 31. dxe5 a6 32. Ne2 Kf7 33. Nd4 Nc7 34.
a4 a5 35. Ke2 Na6 36. Kd2 Nc5 37. Ke3 Kg6 38. Ke2 Kh5 39. Kf3 h6 40. g4+ Kg6 41.
h3 Kf7 42. f5 exf5 43. gxf5 Ke7 44. Ke3 Kf7 45. Kf3 Ke7 46. Nc6+ Kf7 47. Nd4 Ke7
{Game drawn by repetition} 1/2-1/2

[Event "Team 45 45 League T27"]
[Site "Internet Chess Club"]
[Date "2005.06.25"]
[Round "2"]
[White "Ruger"]
[Black "iwulu"]
[Result "0-1"]
[WhiteElo "2116"]
[BlackElo "2351"]
[TimeControl "2700+45"]

1. d4 d5 2. Nf3 Nf6 3. Bf4 c5 4. e3 Nc6 5. c3 Qb6 6. Qb3 c4 7. Qc2 Bf5 8. Qc1 e6
9. h3 h6 10. Nbd2 Be7 11. Be2 O-O 12. O-O Rfc8 13. Re1 Qd8 14. Ne5 b5 15. Bf3
Nxe5 16. Bxe5 Bd3 17. a3 Nd7 18. Bg3 f5 19. Be2 Bxe2 20. Rxe2 a5 21. f3 b4 22.
e4 fxe4 23. fxe4 Bg5 24. Qe1 bxc3 25. bxc3 Bxd2 26. Qxd2 Nf6 27. exd5 exd5 28.
Be5 Ne4 29. Qe3 Qe7 30. a4 Ra7 31. Rb2 Rb7 32. Rab1 Rxb2 33. Rxb2 Rf8 34. Rb5
Qf7 35. Qe1 Ra8 36. Kh2 Ra6 37. Qb1 Rg6 38. Rxa5 Qf2 39. Qg1 Qe2 40. Rxd5 Nd2
41. Rd8+ Kh7 42. Kh1 Nf3 43. gxf3 Qxf3+ 44. Kh2 Rxg1 45. Kxg1 Qe3+ 46. Kg2 Qg5+
{White resigns} 0-1

[Event "Team 45 45 League T27"]
[Site "Internet Chess Club"]
[Date "2005.06.26"]
[Round "2"]
[White "SkinnyPuppy"]
[Black "EdBorowski"]
[Result "1/2-1/2"]
[WhiteElo "2221"]
[BlackElo "2061"]
[TimeControl "2700+45"]

1. e4 c5 2. Nc3 Nc6 3. f4 g6 4. Nf3 Bg7 5. Bb5 a6 6. Bxc6 dxc6 7. d3 Bg4 8. h3
Bxf3 9. Qxf3 Bd4 10. Ne2 e6 11. e5 c4 12. dxc4 Ne7 13. g4 h5 14. Qe4 Bc5 15. Bd2
Qb6 16. O-O-O O-O-O 17. a3 Rxd2 18. Rxd2 Be3 19. Rd1 hxg4 20. hxg4 Rd8 21. b4
Rxd2 22. Rxd2 Bxd2+ 23. Kxd2 a5 24. Qd4 Qxd4+ 25. Nxd4 axb4 26. axb4 Kc7 27. b5
g5 28. f5 exf5 29. gxf5 c5 30. e6 f6 31. b6+ Kxb6 32. Nb5 Nxf5 33. Nc3 Ne7 34.
Ne4 f5 35. Nxg5 Kc6 36. Nf7 f4 37. Kd3 Nf5 38. Ke4 f3 39. Kxf3 Nd4+ 40. Ke4 Nxe6
41. Ne5+ Kd6 42. Nf7+ {Game drawn by mutual agreement} 1/2-1/2

[Event "Team 45 45 League T27"]
[Site "Internet Chess Club"]
[Date "2005.07.02"]
[Round "2"]
[White "DeLaSalle"]
[Black "searchforbobby1"]
[Result "1/2-1/2"]
[WhiteElo "2090"]
[BlackElo "2139"]
[TimeControl "2700+45"]

1. d4 f5 2. Bg5 g6 3. Nd2 Bg7 4. e4 fxe4 5. Nxe4 d5 6. Nc5 Nh6 7. h4 b6 8. Nb3
a5 9. h5 Nf7 10. h6 Bf6 11. Bxf6 exf6 12. Bb5+ c6 13. Qe2+ Qe7 14. Bd3 Ba6 15.
O-O-O Qxe2 16. Nxe2 Bxd3 17. Rxd3 Na6 18. Nf4 Kd7 {Game drawn by mutual
agreement} 1/2-1/2

[Event "Team 45 45 League T27"]
[Site "Internet Chess Club"]
[Date "2005.06.24"]
[Round "2"]
[White "Gregorio"]
[Black "DTK"]
[Result "1/2-1/2"]
[WhiteElo "2233"]
[BlackElo "1945"]
[TimeControl "2700+45"]

1. e4 e6 2. d4 d5 3. Nd2 Be7 4. Ngf3 Nf6 5. exd5 exd5 6. Bd3 Nc6 7. c3 Bg4 8.
Qc2 Qd7 9. O-O O-O-O 10. Bb5 Bd6 11. Qa4 a6 12. Bxc6 Qxc6 13. Qxc6 bxc6 14. b4
Bxf3 15. Nxf3 Ne4 16. Bb2 f6 17. Rfd1 g5 18. g3 h5 19. h4 gxh4 20. Nxh4 Rdg8 21.
Rd3 Rg4 22. Kf1 f5 23. Ng2 f4 24. Nxf4 Bxf4 25. gxf4 Rxf4 26. f3 h4 27. Bc1 Rf5
28. Ke2 Ng3+ 29. Kf2 h3 30. Kxg3 h2 31. Bh6 Rxh6 32. Rh1 Rg5+ 33. Kf2 Rg7 34. f4
Kd7 35. Rg3 Rgh7 36. Kg2 Ke6 37. Kf3 Kf5 38. Rg5+ Kf6 39. Rg3 {Game drawn by
mutual agreement} 1/2-1/2

[Event "Team 45 45 League T27"]
[Site "Internet Chess Club"]
[Date "2005.06.25"]
[Round "2"]
[White "f5"]
[Black "trikmamak"]
[Result "1-0"]
[WhiteElo "2355"]
[BlackElo "2192"]
[TimeControl "2700+45"]

1. d4 d5 2. c4 c6 3. Nf3 e6 4. Nc3 f5 5. Bf4 Nf6 6. e3 Be7 7. Bd3 O-O 8. Qc2 Ne4
9. Bxb8 Rxb8 10. Ne5 Bd6 11. O-O-O Qa5 12. Kb1 Bxe5 13. dxe5 b5 14. cxb5 cxb5
15. f3 Nxc3+ 16. Qxc3 b4 17. Qd4 b3 18. a3 Ba6 19. Rc1 Rfc8 20. h4 Qb6 21. Bxa6
Qxa6 22. Rc3 Rxc3 23. Qxc3 Qe2 24. Qc6 Qd3+ 25. Ka1 Qxe3 26. Qxe6+ Kh8 27. Rd1
d4 28. Qxf5 Re8 29. f4 g6 30. Qd7 Rf8 31. Qxd4 Qxf4 32. Qc3 Rb8 33. g3 Qf2 34.
e6+ Kg8 35. e7 Kf7 36. Qc4+ Kxe7 37. Qc7+ {Black resigns} 1-0

[Event "Team 45 45 League T27"]
[Site "Internet Chess Club"]
[Date "2005.06.24"]
[Round "2"]
[White "Vombat"]
[Black "VentasD"]
[Result "0-1"]
[WhiteElo "2189"]
[BlackElo "2207"]
[TimeControl "2700+45"]

1. d4 d5 2. c4 e6 3. Nc3 Nf6 4. Bg5 Nbd7 5. e3 Be7 6. Nf3 a6 7. c5 h6 8. Bh4 O-O
9. Bd3 c6 10. O-O e5 11. dxe5 Ng4 12. Bg3 f6 13. Qc2 Ndxe5 14. Nxe5 Nxe5 15.
Bh7+ Kh8 16. b4 Be6 17. Ne2 Qe8 18. Nd4 Bf7 19. Bf5 g6 20. Be6 Bd8 21. Bxf7 Qxf7
22. Rfe1 Nc4 23. e4 f5 24. exd5 cxd5 25. Bf4 Bf6 26. Rad1 Rfe8 27. Rxe8+ Rxe8
28. Nf3 g5 29. Bc1 Qe6 30. Kf1 Qe4 31. Qxe4 dxe4 32. Ne1 Rd8 33. Rxd8+ Bxd8 34.
Ke2 f4 35. Nc2 Bf6 36. a4 Kg7 37. b5 axb5 38. axb5 Kf7 39. Na3 Nxa3 40. Bxa3 Ke6
41. c6 bxc6 42. b6 Kd7 43. Bf8 h5 44. Bc5 Kc8 45. h3 Kb7 46. g3 Bd8 47. gxf4
gxf4 48. f3 Bxb6 49. Bxb6 exf3+ 50. Kxf3 Kxb6 51. Kxf4 h4 {White resigns} 0-1

[Event "Team 45 45 League T27"]
[Site "Internet Chess Club"]
[Date "2005.06.26"]
[Round "2"]
[White "Kolibri"]
[Black "onslaught"]
[Result "1/2-1/2"]
[WhiteElo "2050"]
[BlackElo "2141"]
[TimeControl "2700+45"]

1. e4 e5 2. Nf3 Nc6 3. Bb5 a6 4. Ba4 Nf6 5. O-O Be7 6. Re1 b5 7. Bb3 O-O 8. a4
Bb7 9. d3 d6 10. Nc3 Na5 11. axb5 Nxb3 12. cxb3 axb5 13. Rxa8 Bxa8 14. Nxb5 h6
15. Nc3 Qb8 16. d4 Nd7 17. dxe5 Nxe5 18. Nxe5 dxe5 19. Qg4 Qc8 20. Qxc8 Rxc8 21.
Rd1 Rb8 22. Nd5 Bd6 23. Rd3 Rb5 24. f3 Bxd5 25. Rxd5 Rxb3 26. Kf2 Kf8 27. Ke2
Ke7 28. Rd3 Rb8 29. Rc3 h5 30. Rc2 Kd7 31. Bd2 g6 32. Bc3 f5 33. Rd2 Ke6 34. Rd5
fxe4 35. fxe4 Rf8 36. Bd2 Rb8 37. Bc3 Rf8 {Game drawn by mutual agreement}
1/2-1/2

[Event "Team 45 45 League T27"]
[Site "Internet Chess Club"]
[Date "2005.06.28"]
[Round "2"]
[White "kikian"]
[Black "trevor21"]
[Result "1-0"]
[WhiteElo "2082"]
[BlackElo "2118"]
[TimeControl "2700+45"]

1. e4 e6 2. Qe2 Be7 3. Nf3 d5 4. d3 Nf6 5. g3 O-O 6. Bg2 c5 7. O-O Nc6 8. e5 Nd7
9. c3 b5 10. h4 a5 11. Bf4 Ba6 12. Re1 b4 13. Nbd2 a4 14. c4 Nb6 15. b3 Kh8 16.
Nf1 Bb7 17. N1h2 Qd7 18. h5 axb3 19. axb3 Ra3 20. Rab1 Na5 21. Qc2 Ra8 22. Bc1
Nc6 23. Bb2 Ra2 24. Ra1 Rxa1 25. Bxa1 dxc4 26. dxc4 Rd8 27. Qc1 Na5 28. Qf4 Kg8
29. Ng4 Nxb3 30. Ng5 Bxg2 31. Nh6+ {Black resigns} 1-0

[Event "Team 45 45 League T27"]
[Site "Internet Chess Club"]
[Date "2005.06.25"]
[Round "2"]
[White "bhim"]
[Black "Lilly"]
[Result "1-0"]
[WhiteElo "2315"]
[BlackElo "2304"]
[TimeControl "2700+45"]

1. d4 Nf6 2. c4 g6 3. Nc3 Bg7 4. e4 d6 5. Nf3 O-O 6. h3 c5 7. d5 e6 8. Bd3 exd5
9. exd5 Re8+ 10. Be3 Bh6 11. O-O Bxe3 12. fxe3 Rxe3 13. Qd2 Re7 14. Qf4 Nh5 15.
Qh4 Re8 16. Rae1 f5 17. Rxe8+ Qxe8 18. Re1 Qf8 19. Nb5 Na6 20. Qe7 Nf6 21. Nxd6
Bd7 22. Ng5 h6 23. Nh7 Qxe7 24. Rxe7 Nxh7 25. Rxd7 b6 26. Nb5 Nb4 27. Bb1 a6 28.
Nc7 Rc8 29. Ne6 Re8 30. a3 Nf8 31. Nxf8 Re1+ 32. Kh2 Kxf8 33. axb4 Rxb1 34. bxc5
bxc5 35. Rc7 Rxb2 36. Rxc5 Rb6 37. Rc7 Ke8 38. c5 Rb5 39. Kg3 g5 40. Kf3 Rb3+
41. Ke2 Rg3 42. d6 Rxg2+ 43. Kd3 Rg1 44. Kd4 f4 45. c6 Rd1+ 46. Ke5 f3 47. Re7+
Kd8 48. c7+ Kc8 49. Re8+ {Black resigns} 1-0

[Event "Team 45 45 League T27"]
[Site "Internet Chess Club"]
[Date "2005.06.28"]
[Round "2"]
[White "Yarosavich"]
[Black "Catalog"]
[Result "1/2-1/2"]
[WhiteElo "2257"]
[BlackElo "2106"]
[TimeControl "2700+45"]

1. e4 e6 2. d4 d5 3. Nd2 dxe4 4. Nxe4 Bd7 5. Nf3 Bc6 6. Bd3 Nd7 7. Qe2 Ngf6 8.
Ng3 Be7 9. O-O O-O 10. c3 Bxf3 11. Qxf3 c6 12. Bg5 {Game drawn by mutual
agreement} 1/2-1/2

[Event "Team 45 45 League T27"]
[Site "Internet Chess Club"]
[Date "2005.06.26"]
[Round "2"]
[White "Quoyle"]
[Black "NightShift"]
[Result "1-0"]
[WhiteElo "2413"]
[BlackElo "2311"]
[TimeControl "2700+45"]

1. d4 d5 2. c4 e6 3. Nc3 c5 4. cxd5 exd5 5. Nf3 Nc6 6. g3 Nf6 7. Bg2 Be7 8. O-O
O-O 9. Bg5 cxd4 10. Nxd4 h6 11. Be3 Re8 12. Rc1 Bf8 13. Na4 Ng4 14. Nxc6 bxc6
15. Bc5 Rb8 16. Bxa7 Rb4 17. a3 Qa5 18. axb4 Qxa7 19. Nc5 Bf5 20. Nd3 Qb6 21.
Qc2 Ne5 22. Rfd1 Bxb4 23. e4 Nxd3 24. Rxd3 Rxe4 25. Bxe4 Bxe4 26. Qe2 Bxd3 27.
Qxd3 Bc5 28. Qc2 Bd4 29. Qxc6 Qxc6 30. Rxc6 Bxb2 31. Kf1 Bf6 32. Ke2 Kh7 33. Rd6
d4 34. Kd3 Be5 35. Rd7 Kg8 36. Ke4 Bf6 37. h4 g6 38. f4 Kf8 39. Kd5 Ke8 40. Kc6
h5 41. Rd5 Ke7 42. f5 Bh8 43. Rd7+ Kf6 44. fxg6 Kxg6 45. Rd5 Bf6 46. Kc5 Kh6 47.
Kc4 Kg6 48. Kd3 Bg7 49. Ke4 Bh8 50. Rd6+ f6 51. Kf4 Bg7 52. Rxd4 Bh6+ 53. Ke4
f5+ 54. Kf3 Bf8 55. Rc4 Kf6 56. Rc6+ Ke5 57. Rg6 Bb4 58. Rh6 Bf8 59. Rxh5 Kf6
60. Rh8 Bb4 61. Rc8 Bd2 62. Rc6+ Kg7 63. Rc2 Bh6 64. Rc7+ Kg8 65. Rc6 Bd2 66.
Rf6 {Black resigns} 1-0

[Event "Team 45 45 League T27"]
[Site "Internet Chess Club"]
[Date "2005.06.26"]
[Round "2"]
[White "syy89"]
[Black "phoenix10q72"]
[Result "0-1"]
[WhiteElo "2046"]
[BlackElo "2302"]
[TimeControl "2700+45"]

1. e4 c5 2. Nf3 d6 3. d4 cxd4 4. Nxd4 Nf6 5. Nc3 a6 6. f3 e6 7. Be3 b5 8. g4
Nfd7 9. Qd2 Nb6 10. O-O-O N8d7 11. Kb1 Bb7 12. Bd3 Rc8 13. Rhe1 Be7 14. g5 Ne5
15. Qg2 Rxc3 16. bxc3 Na4 17. Bd2 Qc7 18. f4 Nc4 19. Bxc4 Qxc4 20. Qe2 Qc5 21.
Qd3 Qa3 {White resigns} 0-1

[Event "Team 45 45 League T27"]
[Site "Internet Chess Club"]
[Date "2005.06.26"]
[Round "2"]
[White "megamaster"]
[Black "gracey"]
[Result "1-0"]
[WhiteElo "2253"]
[BlackElo "2060"]
[TimeControl "2700+45"]

1. e4 e5 2. Nf3 Nf6 3. Nc3 Bb4 4. Bc4 O-O 5. O-O Nc6 6. d3 Bxc3 7. bxc3 d5 8.
exd5 Nxd5 9. Bd2 Qd6 10. Ng5 Nf6 11. Qe2 Na5 12. Bb3 Nxb3 13. axb3 Re8 14. f3
Qc5+ 15. Kh1 Bf5 16. Ne4 Qb6 17. c4 Nxe4 18. fxe4 Bd7 19. Be3 Qg6 20. Qd2 Qh5
21. Bxa7 b6 22. c5 b5 23. Qa5 Re6 24. c6 Rxc6 25. Qd2 Rh6 26. Bg1 Rha6 27. Rxa6
Rxa6 28. Qc3 c6 29. Ra1 Rxa1 30. Qxa1 h6 31. Qf1 f6 32. Be3 Kf7 33. h3 Qh4 34.
Bf2 Qg5 35. Qe1 Ke6 36. Kh2 Be8 37. Be3 Qg6 38. Qa5 Bd7 39. Qc7 Qe8 40. Bc5 Kf7
41. c3 Qc8 42. Qd6 Be6 43. b4 Qd7 44. Qxd7+ Bxd7 45. g4 Kg6 46. Kg3 h5 47. gxh5+
Kxh5 48. Be7 Kg6 49. h4 Kf7 50. Bc5 f5 51. Kf3 g6 52. Be3 Bc8 53. Bb6 Bb7 54.
exf5 gxf5 55. Ke3 f4+ 56. Ke4 c5+ 57. Kxe5 cxb4 58. cxb4 f3 59. Be3 Kg6 60. d4
Kh5 61. Bf2 Bc8 62. d5 Kg6 63. Kd6 Kf7 64. Kc7 {Black resigns} 1-0

[Event "Team 45 45 League T27"]
[Site "Internet Chess Club"]
[Date "2005.06.23"]
[Round "2"]
[White "Khaifas"]
[Black "quangliem"]
[Result "1-0"]
[WhiteElo "2583"]
[BlackElo "2313"]
[TimeControl "2700+45"]

1. e4 c5 2. Nf3 d6 3. d4 cxd4 4. Nxd4 Nf6 5. Nc3 a6 6. Bg5 e6 7. f4 Be7 8. Qf3
Qa5 9. O-O-O Bd7 10. g4 Nc6 11. Nb3 Qc7 12. Bh4 h6 13. Bg3 Rc8 14. Kb1 b5 15. e5
dxe5 16. fxe5 Nh7 17. Nd5 Qd8 18. Nxe7 Nxe7 19. h4 Qc7 20. Rh2 Bc6 21. Qe3 O-O
22. Bd3 Rfd8 23. Rf1 Nd5 24. Qe1 Be8 25. Rhf2 b4 26. g5 h5 27. g6 fxg6 28. Nd4
Qb6 29. Qe4 Ne7 30. Rf4 a5 31. Bf2 Nd5 32. Rf3 Nc7 33. Rg1 Nf8 34. Rxf8+ Kxf8
35. Qf3+ Bf7 36. Bxg6 Rd7 37. Qxh5 Qa6 38. Qh8+ Ke7 39. Qxg7 Rf8 40. Nf5+ exf5
41. Bc5+ Ke6 42. Bxf8 Ne8 43. Bxf7+ Rxf7 44. Rg6+ Kd5 45. Qxf7+ {Black resigns}
1-0

[Event "Team 45 45 League T27"]
[Site "Internet Chess Club"]
[Date "2005.06.28"]
[Round "2"]
[White "DeepHmmm"]
[Black "Rubberband-Man"]
[Result "0-1"]
[WhiteElo "2115"]
[BlackElo "2288"]
[TimeControl "2700+45"]

1. d4 b6 2. c4 Bb7 3. Nc3 e6 4. Nf3 Bb4 5. Qb3 a5 6. a3 a4 7. Qc2 Bxc3+ 8. Qxc3
Nf6 9. g3 O-O 10. Bg2 Ne4 11. Qc2 f5 12. O-O Qe8 13. Be3 Nc6 14. Rad1 Nd8 15.
Nd2 Nxd2 16. Bxd2 Bxg2 17. Kxg2 d6 18. Kg1 e5 19. e3 e4 20. c5 dxc5 21. dxc5 Ne6
22. cxb6 cxb6 23. h4 Rc8 24. Bc3 Nc5 25. Rd4 Rf7 26. Qe2 Rfc7 27. Qc4+ Ne6 28.
Qa2 b5 29. Rd6 Rc4 30. Rfd1 Nc5 31. R1d5 h6 32. Qb1 Qh5 33. Qf1 Qg4 34. Rb6 Nd3
35. Rbxb5 Rxc3 36. bxc3 Rxc3 37. Rb1 Kh7 38. Qd1 Rb3 39. Ra1 Rxa3 40. Ra5 Qf3
41. Rb1 Qxf2+ 42. Kh1 Ra2 43. Qg1 Qf3+ 44. Qg2 Qxg2# {White checkmated} 0-1

[Event "Team 45 45 League T27"]
[Site "Internet Chess Club"]
[Date "2005.06.24"]
[Round "2"]
[White "DeepGlue"]
[Black "JDD"]
[Result "1-0"]
[WhiteElo "2013"]
[BlackElo "1625"]
[TimeControl "2700+45"]

1. d4 d5 2. c4 Nf6 3. cxd5 Bf5 4. Qa4+ Nbd7 5. Nc3 g6 6. f3 Nxd5 7. Nxd5 c6 8.
Nc3 Nb6 9. Qd1 Bg7 10. e4 Be6 11. Be3 Nc4 12. Bxc4 Bxc4 13. Nge2 Qb6 14. Qc1
Bxe2 15. Nxe2 O-O-O 16. O-O Rd7 17. d5 Qxb2 18. Qxb2 Bxb2 19. Rab1 Bg7 20. dxc6
bxc6 21. Bf4 e5 22. Be3 f5 23. Rfd1 Rf7 24. Rb3 f4 25. Bc5 g5 26. Rdb1 h5 27.
Rb8+ Kd7 28. Rxh8 Bxh8 29. Rb7+ Ke6 30. Rxf7 Kxf7 31. Bxa7 Ke6 32. Nc3 Bg7 33.
Bc5 Bf6 34. Kf2 Bd8 35. Ke2 Ba5 36. Kd3 h4 37. h3 Kf6 38. Kc4 Ke6 39. a4 Kf6 40.
Bb4 Bc7 41. a5 g4 42. a6 Bb8 43. Bc5 Kg5 44. a7 Bxa7 45. Bxa7 Kh5 46. Kc5 Kg5
47. Kxc6 Kh5 48. Kd5 Kg5 49. Kxe5 Kh5 50. Kf6 g3 51. e5 Kh6 52. e6 Kh5 53. e7
Kh6 54. e8=Q Kh7 55. Qg6+ Kh8 56. Qg7# {Black checkmated} 1-0

[Event "Team 45 45 League T27"]
[Site "Internet Chess Club"]
[Date "2005.06.26"]
[Round "2"]
[White "steve"]
[Black "jantonio"]
[Result "1-0"]
[WhiteElo "1914"]
[BlackElo "1667"]
[TimeControl "2700+45"]

1. e4 d6 2. d4 Nf6 3. Nc3 g6 4. Bc4 Bg7 5. Nf3 O-O 6. O-O Nc6 7. d5 Na5 8. Be2
c5 9. Bg5 a6 10. Qd2 Re8 11. Bh6 Bh8 12. a4 Ng4 13. Bf4 Bd7 14. h3 Ne5 15. Nxe5
dxe5 16. Bg3 f5 17. exf5 Bxf5 18. Rfe1 Qb6 19. Bd3 e4 20. Bxe4 Nc4 21. Qe2 Nxb2
22. Bxf5 Bxc3 23. Be6+ Kf8 24. Be5 Bxe5 25. Qxe5 {Black forfeits on time} 1-0

[Event "Team 45 45 League T27"]
[Site "Internet Chess Club"]
[Date "2005.06.24"]
[Round "2"]
[White "pumba"]
[Black "Katzie"]
[Result "0-1"]
[WhiteElo "1487"]
[BlackElo "1580"]
[TimeControl "2700+45"]

1. e4 c5 2. Nc3 d6 3. f4 Nf6 4. Nf3 Nc6 5. Bc4 Bg4 6. O-O Nd4 7. Be2 Nxe2+ 8.
Qxe2 Qb6 9. d3 g6 10. Qf2 Bg7 11. f5 gxf5 12. exf5 Bxf5 13. Nh4 Be6 14. Rb1 Ng4
15. Qe1 Bd4+ 16. Kh1 c4 17. Nd1 c3 18. b3 Rg8 19. h3 Ne5 20. Be3 Bxe3 21. Nxe3
Qc6 22. Qf2 Kd7 23. Nhf5 Bxf5 24. Nxf5 Rg6 25. d4 Rag8 26. Nh4 Rf6 27. Qe2 Ng6
28. Rxf6 exf6 29. Nf5 Kc7 30. Re1 Nf4 31. Qe4 Qxe4 32. Rxe4 Rxg2 33. Re7+ Kc6
34. Rxf7 Rxc2 35. Rxf6 Rc1+ 36. Kh2 Rc2+ 37. Kh1 Rxa2 38. Rxd6+ Kb5 39. Ne3 c2
40. Nxc2 Rxc2 41. Rh6 Rc3 42. Rf6 Rxh3+ 43. Kg1 Ne2+ 44. Kg2 Rxb3 45. d5 a5 46.
d6 Rd3 47. Rf5+ Kc6 48. Rxa5 Rxd6 49. Ra2 Nd4 50. Ra3 b5 51. Rc3+ Kd5 52. Rh3
Rd7 53. Rh5+ Kc4 54. Kf2 b4 55. Ke1 b3 56. Rh2 Nf3+ {White resigns} 0-1